 Dungeon Crawl Stone Soup version 0.31-a0-202-g547052bce9 (webtiles) character file.

Game seed: 17633916547825376539

94 qw the Shooter (level 4, 0/25 HPs)
             Began as a Deep Elf Hunter on June 25, 2023.
             Succumbed to a water moccasin's poison
             ... on level 3 of the Dungeon.
             The game lasted 00:00:42 (1976 turns).

qw the Shooter (Deep Elf Hunter)                    Turns: 1976, Time: 00:00:43

Health: 0/25       AC:  5    Str: 10    XL:     4   Next: 38%
Magic:  6/6        EV: 12    Int: 14    God:
Gold:   77         SH:  0    Dex: 18    Spells: 3/3 levels left

rFire   . . .        Y - +0 shortbow
rCold   + . .        (shield currently unavailable)
rNeg    . . .        c - +0 leather armour
rPois   .            h - +0 helmet
rElec   .            (no cloak)
rCorr   .            (no gloves)
SInv    .            e - +0 pair of boots
Will    .....        (no amulet)
Stlth   ++           a - ring of protection from cold
HPRegen 0.24/turn    (no ring)
MPRegen 0.10/turn

%: no passive effects
@: lethally poisoned (0 -> -6)
A: no striking features
a: no special abilities


You were on level 3 of the Dungeon.
You visited 1 branch of the dungeon, and saw 3 of its levels.

You collected 77 gold pieces.


   Skills:
 - Level 1.5 Fighting
 + Level 7.8 Ranged Weapons
 - Level 2.4 Dodging
 - Level 1.2 Stealth


You had 3 spell levels left.
You didn't know any spells.
Your spell library was empty.

Inventory:

Hand Weapons
 Y - a +0 shortbow (weapon)
Armour
 c - a +0 leather armour (worn)
 e - a +0 pair of boots (worn)
 h - a +0 helmet (worn)
Jewellery
 a - a ring of protection from cold (left hand)
Scrolls
 k - a scroll of identify
Potions
 d - a potion of enlightenment {unknown}
 f - a potion of curing
 g - a potion of heal wounds {unknown}
 j - a potion of degeneration {unknown}

Dungeon Overview and Level Annotations

Branches:
Dungeon (3/15)

Altars:


Message History

A frilled lizard comes into view.
You shoot an arrow. The arrow hits the frilled lizard.
You kill the frilled lizard!
A water moccasin comes into view.
You shoot an arrow. The arrow hits the water moccasin.
The water moccasin hisses angrily.
The water moccasin is lightly wounded.
You hear a shout!
An orc comes into view. It is wielding a +0 flail.
You shoot an arrow.
The arrow completely misses the water moccasin.
The orc shouts!
The arrow hits the orc but does no damage.
An orc comes into view. It is wielding a +0 hand axe.
The orc moves out of view.
An orc comes into view. It is wielding a +0 hand axe.
You shoot an arrow.
The arrow closely misses the water moccasin.
The orc shouts!
You hear an angry hiss.
You shoot an arrow. The arrow hits the water moccasin.
The water moccasin is moderately wounded.
An orc wizard comes into view.
It is wielding a +2 dagger of holy wrath.
You shoot an arrow.
The arrow barely misses the water moccasin.
The water moccasin bites you! The water moccasin closely misses you.
You shoot an arrow. The arrow misses the water moccasin.
The water moccasin bites you.
You shoot an arrow.
The arrow completely misses the water moccasin.
The water moccasin bites you but does no damage.
The water moccasin bites you!
You are lethally poisoned!
The water moccasin poisons you!
You shoot an arrow. The arrow hits the water moccasin.
The water moccasin is heavily wounded.
You feel very sick.
The water moccasin bites you but does no damage.
You shoot an arrow. The arrow misses the water moccasin.
You die...

#....###.#....
###......#.###
#...####.#
#........#
###[..#######
##.........
#..######
#..## #..@#
#.#.Soo#
#.####.# #.#
.# #.# o. #.
#o #. #.


You could see a water moccasin, an orc wizard and 3 orcs.

Vanquished Creatures
  4 adders (D:2)
  A worm (D:2)
  6 ball pythons
  5 bats
  4 endoplasms
  A giant cockroach (D:2)
  4 goblins (D:2)
  3 hobgoblins
  4 quokkas
  5 frilled lizards
  11 kobolds
  3 rats (D:2)
51 creatures vanquished.

Notes
Turn   | Place    | Note
-------+----------+-------------------------------------------
     0 | D:1      | qw the Deep Elf Hunter began the quest for the Orb.
     0 | D:1      | Reached XP level 1. HP: 12/12 MP: 3/3
     0 | D:1      | 0 ||| qw: Version: 0.3-a-22-g0ed2b0b
     0 | D:1      | 0 ||| qw: Game counter: 5716
     0 | D:1      | 0 ||| qw: Melee chars always use a shield: true
     0 | D:1      | 0 ||| qw: God list: Okawaru
     0 | D:1      | 0 ||| qw: Allow faded altars: false
     0 | D:1      | 0 ||| qw: Do Orc after clearing Dungeon:15 true
     0 | D:1      | 0 ||| qw: Do second Lair branch before Depths: true
     0 | D:1      | 0 ||| qw: Lair rune preference: random
     0 | D:1      | 0 ||| qw: Goals: Normal
     0 | D:1      | 0 ||| PLANNING D:1-11
   253 | D:1      | Reached skill level 6 in Ranged Weapons
   253 | D:1      | Reached XP level 2. HP: 16/16 MP: 4/4
   436 | D:1      | Found a faded altar of an unknown god.
   577 | D:1      | HP: 2/16 [quokka (4)]
   913 | D:1      | 913 ||| UPGRADING to +0 pair of boots.
   918 | D:1      | 918 ||| UPGRADING to +0 helmet.
   923 | D:1      | 923 ||| READING scroll labelled QUCHAK ASCHEMP.
   924 | D:1      | 924 ||| READING scroll labelled GUANEMIHUNK.
   925 | D:1      | 925 ||| DROPPING scroll of butterflies.
  1014 | D:2      | Reached XP level 3. HP: 20/20 MP: 5/5
  1289 | D:2      | Reached skill level 7 in Ranged Weapons
  1524 | D:2      | Reached XP level 4. HP: 25/25 MP: 6/6
  1546 | D:2      | HP: 6/25 [kobold/+0 short sword (2)]
  1881 | D:2      | 1881 ||| UPGRADING to ring of protection from cold.
  1882 | D:2      | 1882 ||| READING scroll labelled SUUH PAPLY.
  1886 | D:2      | 1886 ||| READING scroll labelled ZIREVA DOYWN.
  1887 | D:2      | 1887 ||| READING 2 scrolls labelled CUNOIK SECOZYTZ.
  1888 | D:2      | 1888 ||| DRINKING 2 black potions.
  1967 | D:3      | Noticed a water moccasin
  1974 | D:3      | HP: 4/25 [water moccasin (8)]
  1975 | D:3      | HP: 1/25 [poisoned by a water moccasin]
  1976 | D:3      | Succumbed to a water moccasin's poison

Levels and vault maps discovered:
D:1:      lightli_arrival_noodles, layout_basic,
          hellmonk_ecumenical_altar_zigzags
D:2:      minmay_evil_eye, layout_basic, minmay_quadrilaterals
D:3:      layout_basic, uniq_crazy_yiuf_cottage, uniq_ijyb

Skill      XL: |  1  2  3 |
---------------+----------+-----
Ranged Weapons | 6 7 |  7.8
Fighting       | |  1.5
Dodging        | |  2.4
Stealth        | |  1.2

Action                     |  1- 3 |  4- 6 || total
---------------------------+-------+-------++-------
   Fire: Shortbow          |   130 |    44 ||   174
    Use: Scroll            |     2 |     3 ||     5
         Potion            |       |     1 ||     1
 Armour: Leather armour    |    11 |    13 ||    24
  Dodge: Dodged            |    33 |    18 ||    51

Table legend:
 A = Non-vault XP
 B = Vault XP
 C = Vault XP percentage of total XP
 D = Non-vault monster count
 E = Vault monster count
 F = Vault count percentage of total count
                 A         B        C        D         E       F
            +---------+---------+-------+---------+---------+-------
      Total |     104 |      31 |  23.0 |      45 |       6 |  11.8
            +---------+---------+-------+---------+---------+-------
        D:1 |      27 |       0 |   0.0 |      15 |       0 |   0.0
        D:2 |      72 |      31 |  30.1 |      27 |       6 |  18.2
        D:3 |       5 |       0 |   0.0 |       3 |       0 |   0.0
            +---------+---------+-------+---------+---------+-------
